 Dungeon Crawl Stone Soup version 0.28.0-49-g6dfe1f597d (webtiles) character file.

Game seed: 14490057798050583278

30 Keeper01 the Cudgeller (level 3, 0/26 HPs)
             Began as a Human Wanderer on May 11, 2022.
             Slain by an orc
             ... wielding a +0 flail
              (8 damage)
             ... on level 3 of the Dungeon.
             The game lasted 00:06:00 (938 turns).

Keeper01 the Cudgeller (Human Wanderer)              Turns: 938, Time: 00:06:01

Health: 0/26       AC:  5    Str: 16    XL:     3   Next: 35%
Magic:  5/8        EV: 10    Int: 11    God:
Gold:   64         SH:  0    Dex: 11    Spells: 5/9 levels left

rFire   . . .      SeeInvis .   a - +2 mace
rCold   . . .      Faith    .   (no shield)
rNeg    . . .      Spirit   .   b - +0 ring mail
rPois   .          Reflect  .   (no helmet)
rElec   .          Harm     .   (no cloak)
rCorr   .          Rampage  .   (no gloves)
Will    .....                   (no boots)
Stlth   +.........              (no amulet)
HPRegen 0.08/turn               g - ring of wizardry
MPRegen 0.11/turn               (no ring)

@: no status effects
A: no striking features
a: no special abilities


You were on level 3 of the Dungeon.
You visited 1 branch of the dungeon, and saw 3 of its levels.

You collected 64 gold pieces.

Inventory:

Hand Weapons
 a - a +2 mace (weapon)
Armour
 b - a +0 ring mail (worn)
Jewellery
 g - a ring of wizardry (left hand)
Scrolls
 d - a scroll of identify
 e - a scroll of silence {unknown}
 f - a scroll of blinking {unknown}


   Skills:
 + Level 1.2 Fighting
 + Level 3.5 Maces & Flails
 + Level 1.2 Armour
 + Level 3.5 Spellcasting
 + Level 1.0 Conjurations
 + Level 1.0 Evocations


You had 5 spell levels left.
You knew the following spells:

 Your Spells              Type           Power      Damage    Failure   Level
a - Magic Dart            Conj           16%        1d3       13%         1
b - Conjure Flame         Conj/Fire      3%         6-21      41%         3

Your spell library contained the following spells:

 Spells                   Type           Power      Damage    Failure   Level


Dungeon Overview and Level Annotations

Branches:
Dungeon (3/15)

Altars:


Message History

The goblin hits you with a +0 dagger.
You hit the goblin.
You kill the goblin!
Things that are here:
a +0 dagger; a goblin corpse You now have 51 gold pieces (gained 8).
Found 13 gold pieces.
You now have 64 gold pieces (gained 13). 2 orcs come into view.
The orc shouts! x2; You hear a shout!
An orc comes into view.
It is wielding a +0 flail and quivering boomerangs of dispersal.
An orc comes into view. It is wielding a +0 flail.
Okay, then.
Casting: Conjure Flame (extremely dangerous; 41% risk of failure)
Press: ? - help, Q - select action, (/) - cycle Dir - look around, f - activate Look: an orc, wielding a +0 flail The fire begins to smoulder!
The fire ignites!
The orc hits you with a +0 hand axe.
You hit the orc.
The orc is moderately wounded.
The orc barely misses you.
You sock the orc!
You kill the orc!
As you read the scroll of fog, it crumbles to dust.
The scroll dissolves into smoke.
You hit the orc.
The orc is severely wounded.
The orc misses you. The orc hits you with a +0 flail.
You thump the orc!
You kill the orc!
The orc closely misses you.
You barely miss the orc. The orc hits you with a +0 flail!
The orc hits you with a +0 flail. The orc closely misses you.
You barely miss the orc. The orc barely misses you. x2
You hit the orc.
The orc is heavily wounded.
The orc hits you with a +0 flail. The orc barely misses you.
The orc hits you with a +0 flail!
You die...

#....' ... #....#
#.# #....# #.#
#..oo# #.# #....#
#.##
#..oo######..####
#....§§§§§......#
##+####oo§#.....###
# ##@§#.......## .#
#§§#.#.#....#..#
#§§#...........
#..#...#...###
#............# ##
#....#####...#....
###....#..........
##........#.....#
#.....#...#......


You could see 2 orcs.

Vanquished Creatures
  A dart slug (D:2)
  2 orcs (D:3)
  A ball python (D:2)
  3 bats
  An endoplasm (D:2)
  3 giant cockroaches
  2 goblins
  2 hobgoblins
  2 jackals (D:3)
  3 kobolds
  2 rats
22 creatures vanquished.

Notes
Turn   | Place    | Note
-------+----------+-------------------------------------------
     0 | D:1      | Keeper01 the Human Wanderer began the quest for the Orb.
     0 | D:1      | Keeper01 set off with the following items: a +2 mace, a +0
                  | ring mail; and the following spell memorised: Magic Dart;
                  | and the following spells available to memorise: Conjure
                  | Flame
     0 | D:1      | Reached XP level 1. HP: 15/15 MP: 4/4
   447 | D:2      | Reached XP level 2. HP: 18/21 MP: 6/6
   738 | D:3      | Reached XP level 3. HP: 18/26 MP: 7/7
   866 | D:3      | Learned a level 3 spell: Conjure Flame
   938 | D:3      | Slain by an orc

Illustrated notes

Levels and vault maps discovered:
D:1:      dpeg_arrival_castle, layout_loops_ring,
          ebering_ecumenical_altar_abandoned, chequers_mini_garden
D:2:      layout_basic
D:3:      layout_basic, eino_tiny_chamber, hangedman_decor_lopped,
          serial_bayou_pond_a, lemuel_old_faithful

Action                   || total
-------------------------++-------
Melee: Mace              ||    53
       Punch             ||     1
 Cast: Magic Dart        ||     3
       Conjure Flame     ||     1
  Use: Scroll            ||     2
Armor: Ring mail         ||    27
Dodge: Dodged            ||    34
